 Dungeon Crawl Stone Soup version 0.19.0-2-gae57169 (webtiles) character file.

86 RobertPalmer the Cudgeler (level 4, -1/30 HPs)
             Began as a Halfling Abyssal Knight on Nov 6, 2016.
             Was a Follower of Lugonu.
             Slain by an adder (2 damage)
             ... on level 2 of the Dungeon.
             The game lasted 00:03:57 (2245 turns).

RobertPalmer the Cudgeler (Halfling Abyssal Knight) Turns: 2245, Time: 00:03:57

Health: -1/30      AC:  6    Str: 13    XL:     4   Next: 78%
Magic:  5/5        EV: 12    Int: 11    God:    Lugonu [*.....]
Gold:   70         SH:  0    Dex: 13    Spells: 0 memorised, 3 levels left

rFire  . . .     SeeInvis .     a - +1 morningstar
rCold  . . .     Gourm    .     i - +0 ring mail (curse)
rNeg   . . .     Faith    .     (shield restricted)
rPois  .         Spirit   .     (no helmet)
rElec  .         Reflect  .     n - +0 cloak
rCorr  .         Harm     .     (no gloves)
MR     .....                    (no boots)
Stlth  +.........               (no amulet)
                                (no ring)
                                (no ring)

@: lethally poisoned (-1 -> -8), very slightly contaminated, invisible
A: mutation resistance 1
a: Depart the Abyss, Renounce Religion


You were on level 2 of the Dungeon.
You worshipped Lugonu.
Lugonu was aware of your devotion.
You were not hungry.

You visited 1 branch of the dungeon, and saw 2 of its levels.
You visited the Abyss 1 time.

You collected 70 gold pieces.

Inventory:

Hand Weapons
 a - a +1 morningstar (weapon)
   (You found it on level 2 of the Dungeon)
Missiles
 g - 71 stones (quivered)
Armour
 i - a cursed +0 ring mail (worn)
   (You found it on level 1 of the Dungeon)
 n - a +0 cloak (worn)
   (You found it on level 1 of the Dungeon)
Scrolls
 d - 2 scrolls of identify
 f - a scroll of immolation {unknown}
 k - a scroll of remove curse {unknown}
 m - a scroll of fear {unknown}
 q - a scroll of teleportation {unknown}
Comestibles
 b - 3 chunks of flesh {@w0}
 c - a bread ration {@e1}
 p - a beef jerky


   Skills:
 - Level 2.6 Fighting
 + Level 4.1 Maces & Flails
 - Level 2.1 Armour
 - Level 1.1 Dodging
 - Level 2.0 Invocations


You had 3 spell levels left.
You didn't know any spells.

Dungeon Overview and Level Annotations

Branches:
Dungeon (2/15)

Altars:


Innate Abilities, Weirdness & Mutations

You are small and have problems with some larger weapons.
You are somewhat resistant to further mutation.


Message History

A bat comes into view.
A bat is nearby!
A bat is nearby!
A bat is nearby!
The bat hits you but does no damage. The bat hits you.
You take 1 damage, and have 29/30 hp.
Your ring mail prevents you from hitting the bat.
The bat hits you but does no damage. The bat closely misses you.
You closely miss the bat. The bat misses you.
You thump the bat!
You kill the bat!
Lugonu accepts your kill.
No target in view!
No target in view!
A frilled lizard comes into view.
The frilled lizard hisses angrily.
Health restored: 30 A frilled lizard is nearby!
A frilled lizard is nearby!
A frilled lizard is nearby!
An adder comes into view.
The adder hisses angrily.
The frilled lizard barely misses you.
You sock the frilled lizard!
You kill the frilled lizard!
Lugonu accepts your kill.
An adder comes into view.
The frilled lizard hisses angrily.
The adder hisses angrily.
You barely miss the adder. The adder bites you but does no damage.
The adder barely misses you. The adder bites you.
You are poisoned.
The adder poisons you!
You take 2 damage, and have 28/30 hp.
An adder comes into view.
You feel sick.
The adder hisses angrily.
You see here a bat corpse.
You take 1 damage, and have 27/30 hp.
You completely miss the adder.
You feel sick. The adder closely misses you. The adder bites you.
You take 5 damage, and have 22/30 hp.
You barely miss the adder. The adder misses you.
You miss the adder.
You feel sick. The adder bites you. The adder closely misses you.
The adder bites you but does no damage.
You take 3 damage, and have 19/30 hp.
You miss the adder. The adder closely misses you. The adder bites you.
The adder closely misses you. The adder bites you.
You take 4 damage, and have 15/30 hp.
Unknown command.
You miss the adder.
You feel sick. The adder bites you but does no damage. The adder bites you.
The adder bites you but does no damage. x2
You take 5 damage, and have 10/30 hp.
Unknown command.
It was a potion of ambrosia.
You are confused.
You feel invigorated. The adder bites you.
You are more poisoned.
The adder poisons you! The adder bites you but does no damage.
You regained 4 hp, and now have 14/30 hp.
Unknown command.
You barely miss the adder.
You feel sick. The adder bites you. The adder closely misses you.
The adder bites you.
You are lethally poisoned!
The adder poisons you! The adder closely misses you.
You take 2 damage, and have 12/30 hp.
You barely miss the adder.
You feel less invigorated.
You feel less confused.
You feel sick. The adder closely misses you. x2
You regained 4 hp, and now have 16/30 hp.
Unknown command.
You barely miss the adder.
You feel sick. The adder misses you. The adder bites you but does no damage.
The adder barely misses you. x2
You take 2 damage, and have 14/30 hp.
Unknown command.
You barely miss the adder.
You feel sick. The adder closely misses you.
The adder bites you but does no damage. The adder barely misses you.
You take 1 damage, and have 13/30 hp.
Unknown command.
As you read the scroll labeled UCLOIH UKADDUA, it crumbles to dust.
It is a scroll of identify.
e - a potion of invisibility You feel sick.
The adder bites you. x2
* * * LOW HITPOINT WARNING * * *
The adder bites you but does no damage.
You take 6 damage, and have 7/30 hp.
Unknown command.
You fade into invisibility!
* * * LOW HITPOINT WARNING * * *
You feel sick. The adder completely misses you. The adder bites you.
* * * LOW HITPOINT WARNING * * *
You are very lightly contaminated with residual magic.
You take 5 damage, and have 2/30 hp.
Unknown command.
As you read the scroll labeled ENTEME HADAFUU, it crumbles to dust.
It is a scroll of enchant weapon.
Your +0 morningstar glows red for a moment.
* * * LOW HITPOINT WARNING * * *
You feel sick. The adder misses you. The adder bites you.
You die...

#.....# #>##.#.
####.....# #.##.##
#.##.....#####.##...
#.##........##.#....
#.##>....##.....<...
#[##........#.#.....
#........#..#.......
#.#S######..##......
#.#@# #...##.<...
#.#S# #.#........
#.lS# #.#.#......
##..######.#.####...
#...†.....#.# #..#
#........... ....#
#........... #.#...
#........... ......
#..........# .....


You could see 3 adders and a frilled lizard.

Vanquished Creatures
  An adder (D:1)
  3 gnolls
  6 dart slugs (D:1)
  A leopard gecko (D:1)
  2 giant cockroaches
  4 goblins
  4 hobgoblins
  4 kobolds (D:1)
  A ball python (D:1)
  7 bats
  4 frilled lizards (D:2)
  A rat (D:1)
38 creatures vanquished.

Notes
Turn   | Place    | Note
-------+----------+-------------------------------------------
     0 | Abyss:1  | RobertPalmer the Halfling Abyssal Knight began the quest for the Orb.
     0 | Abyss:1  | Reached XP level 1. HP: 15/15 MP: 2/2
    47 | Abyss:1  | Found a burning altar of Makhleb.
    59 | Abyss:1  | Noticed a thrashing horror
    61 | D:1      | Escaped the Abyss
   245 | D:1      | Reached skill level 2 in Maces & Flails
   521 | D:1      | Reached XP level 2. HP: 20/20 MP: 3/3
   549 | D:1      | Reached * piety under Lugonu
   835 | D:1      | Reached XP level 3. HP: 23/25 MP: 4/4
   873 | D:1      | Reached skill level 3 in Maces & Flails
  1183 | D:1      | HP: 4/25 [leopard gecko (3)]
  1495 | D:1      | Reached XP level 4. HP: 15/30 MP: 5/5
  1956 | D:1      | Reached skill level 4 in Maces & Flails
  2075 | D:2      | HP: 3/30 [gnoll/halberd (16)]
  2243 | D:2      | HP: 7/30 [adder (4)]
  2244 | D:2      | HP: 2/30 [adder (4)]
  2245 | D:2      | Slain by an adder

Skill      XL: |  1  2  3  4 |
---------------+-------------+-----
Maces & Flails | 2 3 4 |  4.1
Fighting       | |  2.6
Armour         | |  2.1
Dodging        | |  1.1
Invocations    | |  2.0

Action                   |  1- 3 |  4- 6 || total
-------------------------+-------+-------++-------
Melee: Mace              |    66 |       ||    66
       Morningstar       |    14 |    57 ||    71
Invok: Depart the Abyss  |     1 |       ||     1
  Use: Potion            |       |     3 ||     3
       Scroll            |       |     2 ||     2
  Eat: Chunk             |     1 |     3 ||     4
Armor: Leather armour    |     3 |       ||     3
       Ring mail         |    45 |    30 ||    75
Dodge: Dodged            |    98 |    48 ||   146

Vault maps used:
D:1:      lemuel_arrival_room, minivault_14
D:2:      nicolae_overflow_crystal_walls, elyvilon_altar_5

Table legend:
 A = Turns spent in this place as a percentage of turns spent in the entire game.
 B = Non-inter-level travel turns spent in this place as a percentage of non-inter-level travel turns spent in the entire game.
 C = Inter-level travel turns spent in this place as a percentage of turns spent in this place.
 D = Turns resting spent in this place as a percentage of non-inter-level travel turns spent in this place.
 E = Turns spent auto-exploring this place as a percentage of non-inter-level travel turns spent in this place.
 F = Non-inter-level travel turns spent in this place divided by the number of levels of this place that you've seen.
                   A       B       C       D       E      F
               +-------+-------+-------+-------+-------+----------------------
         Total | 100.0 | 100.0 |   0.8 |   3.3 |   6.4 | 209.0
       Dungeon |  90.3 |  90.3 |   0.9 |   3.7 |   7.1 | 283.0
         Abyss |   9.7 |   9.7 |   0.0 |   0.0 |   0.0 |  61.0
               +-------+-------+-------+-------+-------+----------------------

Table legend:
 A = Kills in this place as a percentage of kills in entire the game.
 B = Kills by you in this place as a percentage of kills by you in the entire game.
 C = Kills by friends in this place as a percentage of kills by friends in the entire game.
 D = Other kills in this place as a percentage of other kills in the entire game.
 E = Experience gained in this place as a percentage of experience gained in the entire game.
 F = Experience gained in this place divided by the number of levels of this place that you have seen.
                   A       B       C       D       E      F
               +-------+-------+-------+-------+-------+----------------------
         Total | 100.0 | 100.0 |  -nan |  -nan | 100.0 |  41.3
       Dungeon | 100.0 | 100.0 |  -nan |  -nan | 100.0 |  62.0
               +-------+-------+-------+-------+-------+----------------------
